 Dungeon Crawl Stone Soup version 0.21-a0-221-gfe971b9 (webtiles) character file.

144 Gorglomux the Ruffian (level 5, -12/42 HPs)
             Began as a Hill Orc Earth Elementalist on Aug 24, 2017.
             Killed by divine providence
             ... invoked by an orc priest
              (13 damage)
             ... on level 3 of the Dungeon.
             The game lasted 00:06:03 (4318 turns).

Gorglomux the Ruffian (Hill Orc Earth Elementalist) Turns: 4318, Time: 00:06:04

Health: -12/42     AC:  3    Str: 12    XL:     5   Next: 27%
Magic:  7/7        EV: 11    Int: 15    God:
Gold:   183        SH:  3    Dex: 11    Spells: 6/7 levels left

rFire    . . .     SeeInvis .     - Unarmed
rCold    . . .     Gourm    .   v - +0 buckler
rNeg     . . .     Faith    .   c - +0 robe
rPois    .         Spirit   .   (no helmet)
rElec    .         Reflect  .   (no cloak)
rCorr    .         Harm     .   j - +0 pair of gloves
MR       +....                  (no boots)
Stlth    +.........             (no amulet)
HPRegen  0.14/turn              q - ring of loudness (curse)
MPRegen  0.10/turn              m - ring of protection from magic

@: no status effects
A: no striking features
a: Convert to Beogh


You were on level 3 of the Dungeon.
You were hungry.

You visited 1 branch of the dungeon, and saw 3 of its levels.

You collected 183 gold pieces.

Inventory:

Hand Weapons
 y - a +0 war axe
Missiles
 b - 77 stones (quivered)
Armour
 c - a +0 robe (worn)
 j - a +0 pair of gloves (worn)
 v - a +0 buckler (worn)
Jewellery
 m - a ring of protection from magic (right hand)
 q - a cursed ring of loudness (left hand)
Scrolls
 h - 2 scrolls of identify {unknown}
 i - a scroll of random uselessness {unknown}
 k - a scroll of enchant armour {unknown}
 l - 2 scrolls of noise {unknown}
 t - a scroll of teleportation {unknown}
Potions
 n - a potion of heal wounds {unknown}
 o - a potion of haste {unknown}
 s - a potion of curing {unknown}
 u - a potion of degeneration {unknown}
 w - a potion of invisibility {unknown}
 x - a potion of flight {unknown}
Books
 e - a book of Geomancy

   Spells                             Type                      Level
   a - Sandblast                      Earth                        1
   b - Passwall                       Transmutation/Earth          2
   c - Stone Arrow                    Conjuration/Earth            3
   d - Petrify                        Transmutation/Earth          4
   e - Lee's Rapid Deconstruction     Earth                        5
Comestibles
 d - 3 bread rations
 f - 3 fruits
 p - 2 royal jellies
 z - a meat ration


   Skills:
 - Level 2.6 Fighting
 - Level 1.5 Dodging
 - Level 1.5 Stealth
 + Level 1.3 Shields
 + Level 4.1 Unarmed Combat
 - Level 1.5 Spellcasting
   Level 0.6 Transmutations
 - Level 3.0 Earth Magic


You had 6 spell levels left.
You knew the following spells:

 Your Spells              Type           Power        Failure   Level  Hunger
a - Sandblast             Erth           ##....       10%         1    ##.....


Dungeon Overview and Level Annotations

Branches:
Dungeon (3/15)

Altars:

Annotations:
D:3 Multipenetrator's ghost, amateur DrAE


Message History

The butt's wounds heal themselves!!!
The orc hits you with a mace!
You completely butts the orc!
The orc priest calls down the wrath of Beogh upon you!
Beogh butts you!!!
You beat the orc into a bloody butt!
The orc is moderately wounded!
The orc hits you but does no damage!
You pummel the orc like a punching bag!!!
You annihilate the orc!!!
The orc priest mumbles some strange prayers to Beogh butt you!
Beogh smites you!!! * * * don'butt die
* * * You are too injured to fight recklessly!!!
You pummel the orc like a punching bag!
The butt is almost dead!
The orc hits you with a flail!!! * * * don't die
* * * The orc priest mumbles some strange prayers to Beogh against you!
Beogh smites you!!! rip

.. ... ######...
#########........
#.....<...#......
#######.####.####.#....
.......o####.# #.#..#.
##oo....# #.#..#.
##@#####.####.#....
#.##.[.##..........
#.#.....#.#........
#.#.....#.........<
#.#..).(#.###......
#.##...'###.##.....
#..#'###.'...#.....
#.#%.##'###.##.....
#.#)##..#####......


You could see an orc priest and 2 orcs.

Vanquished Creatures
  5 adders
  3 oozes
  2 worms (D:3)
  2 dart slugs (D:1)
  3 leopard geckos
  3 orcs (D:3)
  5 giant cockroaches
  10 goblins
  7 hobgoblins
  5 kobolds
  2 quokkas (D:2)
  2 ball pythons (D:2)
  10 bats
  7 frilled lizards
  7 rats
73 creatures vanquished.

Notes
Turn   | Place    | Note
-------+----------+-------------------------------------------
     0 | D:1      | Gorglomux the Hill Orc Earth Elementalist began the quest for the Orb.
     0 | D:1      | Reached XP level 1. HP: 14/14 MP: 3/3
   182 | D:1      | Reached skill level 1 in Unarmed Combat
   587 | D:1      | Reached XP level 2. HP: 17/20 MP: 4/4
   678 | D:1      | Reached skill level 2 in Unarmed Combat
  1248 | D:1      | Reached skill level 1 in Fighting
  1248 | D:1      | Reached XP level 3. HP: 21/28 MP: 5/5
  1923 | D:2      | Reached skill level 3 in Unarmed Combat
  2186 | D:2      | Reached XP level 4. HP: 26/36 MP: 6/6
  3513 | D:3      | Noticed Multipenetrator's ghost (amateur DrAE)
  3630 | D:3      | Reached skill level 4 in Unarmed Combat
  3630 | D:3      | Reached XP level 5. HP: 17/42 MP: 1/7
  4172 | D:3      | Reached skill level 1 in Shields
  4318 | D:3      | HP: 1/42 [orc/flail (8)]
  4318 | D:3      | Killed from afar by an orc priest

Vault maps used:
D:1:      dpeg_arrival_orchard
D:3:      chequers_ecumenical_altar_lobes, minmay_joined_circles, uniq_robin,
          uniq_crazy_yiuf_cottage

Skill      XL: |  1  2  3  4  5 |
---------------+----------------+-----
Unarmed Combat | 1 2 3 4 |  4.1
Fighting       | 1 2 |  2.6
Shields        | 1 |  1.3
Dodging        | |  1.5
Stealth        | |  1.5
Spellcasting   | |  1.5
Transmutations | |  0.6
Earth Magic    | |  3.0

Action                   |  1- 3 |  4- 6 || total
-------------------------+-------+-------++-------
Melee: Unarmed           |   170 |   178 ||   348
 Cast: Sandblast         |     4 |    19 ||    23
 Stab: Sleeping          |     1 |       ||     1
  Eat: Chunk             |     4 |     7 ||    11
Armor: Robe              |    48 |    39 ||    87
Dodge: Dodged            |   129 |    99 ||   228
Block: Buckler           |       |    17 ||    17

Table legend:
 A = Spawn XP
 B = Non-spawn XP
 C = Spawn XP percentage of total XP
 D = Spawn monster count
 E = Non-spawn monster count
 F = Spawn count percentage of total count
 G = Total turns spent on level
                    A         B        C        D         E        F      G
               +---------+---------+-------+---------+---------+-------+---------
         Total |      18 |     189 |   8.7 |       9 |      64 |  12.3 |  4318
               +---------+---------+-------+---------+---------+-------+---------
           D:1 |       2 |      45 |   4.3 |       1 |      22 |   4.3 |  1702
           D:2 |      13 |      89 |  12.7 |       7 |      21 |  25.0 |  2262
           D:3 |       3 |      55 |   5.2 |       1 |      21 |   4.5 |   354
               +---------+---------+-------+---------+---------+-------+---------
